 Dungeon Crawl Stone Soup version 0.24-a0-125-gdf02491 (webtiles) character file.

Game seed: 8043951171691085259

548882 JeffiDaFish the Axe Maniac (level 24, -32/224 HPs)
             Began as a Minotaur Fighter on Feb 23, 2019.
             Was the Champion of Okawaru.
             Annihilated by the Royal Jelly (34 damage)
             ... on level 5 of the Pits of Slime on Feb 24, 2019.
             The game lasted 02:31:00 (57673 turns).

JeffiDaFish the Axe Maniac (Minotaur Fighter)      Turns: 57673, Time: 02:31:02

Health: -32/224    AC: 28    Str: 27    XL:     24   Next: 99%
Magic:  17/17      EV: 30    Int:  1    God:    Okawaru [******]
Gold:   5137       SH:  0    Dex: 18    Spells: 23/23 levels left

rFire    + . .     SeeInvis .   h - +9 executioner's axe (elec)
rCold    + . .     Gourm    .   (shield currently unavailable)
rNeg     . . .     Faith    .   R - +7 plate armour {rF+}
rPois    .         Spirit   .   T - +1 hat {MR+}
rElec    +         Reflect  .   G - +1 cloak of Starlight {rElec rC+ EV+4 Stlth--}
rCorr    +         Harm     .   S - +3 pair of gloves of the King of Cups {Dex+4}
MR       ++...     Rnd*Tele +   P - +2 pair of boots {run}
Stlth    ..........             C - amulet of regeneration
HPRegen  0.87/turn              z - ring of resist corrosion
MPRegen  0.15/turn              M - +6 ring of evasion (curse)

@: corroded, quick
A: retaliatory headbutt, horns 2, slimy green scales 1, blurry vision 1, clumsy
1, dopey 2, frail 1, low mp 2, screaming 1, electricity resistance, teleportitis
1
}: 3/15 runes: decaying, serpentine, silver
a: Heroism, Finesse, Renounce Religion


You were on level 5 of the Pits of Slime.
You worshipped Okawaru.
Okawaru was exalted by your worship.
You were hungry.

You visited 10 branches of the dungeon, and saw 50 of its levels.
You also visited: Gauntlet, Ice Cave and Wizlab.

You collected 6448 gold pieces.
You spent 1311 gold pieces at shops.

Inventory:

Hand Weapons
 h - a +9 executioner's axe of electrocution (weapon)
 k - a +9 battleaxe of freezing
Armour
 G - the +1 cloak of Starlight (worn) {rElec rC+ EV+4 Stlth--}
   (Okawaru gifted it to you on level 13 of the Dungeon)

   It affects your evasion (+4).
   It protects you from cold.
   It insulates you from electricity.
   It makes you much less stealthy.
 P - a +2 pair of boots of running (worn)
 R - a +7 plate armour of fire resistance (worn)
 S - the +3 pair of gloves of the King of Cups (worn) {Dex+4}
   (You found it on level 3 of the Depths)

   It affects your dexterity (+4).
 T - a +1 hat of magic resistance (worn)
Jewellery
 b - an uncursed ring of poison resistance
 e - an uncursed ring of flight
 s - an uncursed ring of protection from fire
 z - a ring of resist corrosion (left hand)
 C - an amulet of regeneration (around neck)
 D - the ring of Cheibriados's Outrage {rC+ MR+ Str+4 Int+3 Dex+2}
   (You bought it in a shop on level 1 of the Vaults)

   [ring of protection from magic]

   It affects your strength (+4).
   It affects your intelligence (+3).
   It affects your dexterity (+2).
   It protects you from cold.
   It affects your resistance to hostile enchantments.
 M - a cursed +6 ring of evasion (right hand)
 X - the ring of Makhleb's Vengeance {Str+3 SInv}
   (You took it off a tengu reaver on level 4 of the Vaults)

   [ring of see invisible]

   It affects your strength (+3).
   It lets you see invisible.
Wands
 l - a wand of digging (4)
 u - a wand of polymorph (11)
 v - a wand of disintegration (63)
 B - a wand of acid (23)
 H - a wand of clouds (4)
Scrolls
 c - 6 scrolls of fog
 i - 20 scrolls of teleportation
 j - 27 scrolls of remove curse
 m - 12 scrolls of identify
 n - 7 scrolls of blinking
 p - 8 scrolls of magic mapping
 r - a scroll of amnesia
 t - 7 scrolls of silence
 y - 4 scrolls of enchant weapon
 E - 6 scrolls of fear
 F - 3 scrolls of summoning
 O - 3 scrolls of enchant armour
Potions
 a - 3 potions of invisibility
 d - 7 potions of might
 g - 7 potions of agility
 o - 3 potions of resistance
 q - 10 potions of haste
 w - 11 potions of curing
 x - a potion of magic
 I - a potion of brilliance
 J - 2 potions of mutation
 Q - 5 potions of flight
 U - a potion of heal wounds
 Z - 3 potions of cancellation
Comestibles
 f - 74 rations


   Skills:
 O Level 27 Fighting
 O Level 27 Axes
 + Level 26.0 Armour
 - Level 17.2 Dodging
   Level 4.0 Shields


You had 23 spell levels left.
You didn't know any spells.
Your spell library contained the following spells:

 Spells                   Type           Power        Failure   Level  Hunger
 Beastly Appendage        Tmut           #.....       92%         1    ##.....
 Corona                   Hex            #......      92%         1    ##.....
 Infusion                 Chrm           #...         92%         1    ##.....
 Magic Dart               Conj           #...         92%         1    ##.....
 Sandblast                Erth           #.....       92%         1    ##.....
 Shock                    Conj/Air       #...         92%         1    ##.....
 Summon Small Mammal      Summ           #...         92%         1    ##.....
 Blink                    Tloc           N/A          98%         2    ###....
 Call Imp                 Summ           #.......     98%         2    ###....
 Ensorcelled Hibernation  Hex/Ice        #.....       98%         2    ###....
 Passwall                 Tmut/Erth      #.......     98%         2    ###....
 Searing Ray              Conj           #.....       98%         2    ###....
 Shroud of Golubria       Chrm/Tloc      #.........   98%         2    ###....
 Slow                     Hex            #.......     98%         2    ###....
 Song of Slaying          Chrm           #.......     98%         2    ###....
 Sticks to Snakes         Tmut           #.......     98%         2    ###....
 Sublimation of Blood     Necr           #.........   98%         2    ###....
 Swiftness                Chrm/Air       #.......     98%         2    ###....
 Throw Frost              Conj/Ice       #.....       98%         2    ###....
 Call Canine Familiar     Summ           #.......     100%        3    ####...
 Dazzling Spray           Conj/Hex       #.....       100%        3    ####...
 Gell's Gravitas          Tloc           #.........   100%        3    ####...
 Inner Flame              Hex/Fire       #.......     100%        3    ####...
 Lesser Beckoning         Tloc           #.........   100%        3    ####...
 Portal Projectile        Hex/Tloc       #.....       100%        3    ####...
 Regeneration             Chrm/Necr      #.........   100%        3    ####...
 Spectral Weapon          Hex/Chrm       #.......     100%        3    ####...
 Spider Form              Tmut/Pois      #.........   100%        3    ####...
 Static Discharge         Conj/Air       #.......     100%        3    ####...
 Stone Arrow              Conj/Erth      #.....       100%        3    ####...
 Summon Guardian Golem    Hex/Summ       #.......     100%        3    ####...
 Teleport Other           Tloc           #.......     100%        3    ####...
 Airstrike                Air            #.........   100%        4    #####..
 Cause Fear               Hex            #.........   100%        4    #####..
 Force Lance              Conj/Tloc      #.......     100%        4    #####..
 Fulminant Prism          Conj/Hex       #.........   100%        4    #####..
 Ice Form                 Ice/Tmut       #.......     100%        4    #####..
 Iskenderun's Mystic Bla  Conj           #.......     100%        4    #####..
 Leda's Liquefaction      Hex/Erth       #.........   100%        4    #####..
 Passage of Golubria      Tloc           N/A          100%        4    #####..
 Petrify                  Tmut/Erth      #.......     100%        4    #####..
 Summon Ice Beast         Ice/Summ       #.......     100%        4    #####..
 Summon Lightning Spire   Summ/Air       #.......     100%        4    #####..
 Blade Hands              Tmut           #.........   100%        5    ######.
 Bolt of Draining         Conj/Necr      #.........   100%        5    ######.
 Bolt of Magma            Conj/Fire/Erth #.........   100%        5    ######.
 Borgnjor's Vile Clutch   Necr/Erth      #.........   100%        5    ######.
 Irradiate                Conj/Tmut      #.........   100%        5    ######.
 Iskenderun's Battlesphe  Conj/Chrm      #.......     100%        5    ######.
 Lee's Rapid Deconstruct  Erth           #.........   100%        5    ######.
 Lightning Bolt           Conj/Air       #.........   100%        5    ######.
 Silence                  Hex/Air        #.........   100%        5    ######.
 Venom Bolt               Conj/Pois      #.........   100%        5    ######.
 Yara's Violent Unravell  Hex/Tmut       #.........   100%        5    ######.
 Bolt of Cold             Conj/Ice       #.........   100%        6    #######
 Conjure Ball Lightning   Conj/Air       #.........   100%        6    #######
 Darkness                 Hex            #.........   100%        6    #######
 Death Channel            Necr           #.........   100%        6    #######
 Deflect Missiles         Chrm/Air       #.........   100%        6    #######
 Hydra Form               Tmut           #.........   100%        6    #######
 Invisibility             Hex            #.......     100%        6    #######
 Iron Shot                Conj/Erth      #.........   100%        6    #######
 Shadow Creatures         Summ           N/A          100%        6    #######
 Statue Form              Tmut/Erth      #........    100%        6    #######
 Dragon Form              Tmut           #.........   100%        7    #######
 Orb of Destruction       Conj           #.........   100%        7    #######
 Spellforged Servitor     Conj/Summ      #.........   100%        7    #######
 Discord                  Hex            #.........   100%        8    #######
 Shatter                  Erth           #.........   100%        9    #######
 Tornado                  Air            #.........   100%        9    #######


Dungeon Overview and Level Annotations

Branches:
Dungeon (15/15)            Temple (1/1) D:4            Lair (6/6) D:8
  Swamp (4/4) Lair:3        Snake (4/4) Lair:3        Slime (5/5) Lair:5
    Orc (2/2) D:10            Elf (3/3) Orc:2        Vaults (5/5) D:14
  Crypt (0/3) Vaults:3     Depths (5/5) D:15            Zot (0/5) Depths:5

Altars:
Ashenzari
Cheibriados
Dithmenos
Elyvilon
Fedhas
Gozag
Hepliaklqana
Kikubaaqudgha
Makhleb
Nemelex Xobeh
Okawaru
Qazlal
Ru
Sif Muna
Trog
Uskayaw
Vehumet
Wu Jian
Xom
Yredelemnul
Zin
The Shining One
Beogh
Jiyva

Shops:
D:11 ?   D:12 :}   Orc:2 (([(   Elf:3 :   Snake:1 :   Snake:3 !   Vaults:1 ?=
Vaults:2 =   Vaults:3 [%(:?

Portals:
Hell: Lair:6 Depths:1 Depths:2 Depths:3 Depths:4 Depths:5
Abyss: Depths:2 Depths:3 Depths:4
Pandemonium: Depths:3
Ziggurat: Depths:5

Annotations:
Lair:5 2 transporters
Slime:5 Royal Jelly


Innate Abilities, Weirdness & Mutations

You reflexively headbutt those who attack you in melee.
You have a pair of horns on your head.
You are partially covered in slimy green scales. (AC +2)
Scrolls take you a little longer to read.
You are clumsy. (Dex -2)
You are very dopey. (Int -4)
You are frail. (-10% HP)
Your magical capacity is very low. (-20% MP)
You occasionally shout uncontrollably at your foes.
You are resistant to electric shocks. (rElec)
You are occasionally teleported next to monsters.


Message History

The acid blob spits acid at you.
The splash of acid hits you but does no damage.
You are splashed with acid.
You resist.
* * * LOW HITPOINT WARNING * * *
The acid blob misses you. You furiously retaliate!
You headbutt the acid blob.
There is a stone staircase leading up, spattered with blood here.
The azure jelly hits you but does no damage.
The azure jelly hits you.
* * * LOW HITPOINT WARNING * * *
The azure jelly freezes you! You resist.
* * * LOW HITPOINT WARNING * * *
The azure jelly hits you but does no damage. x2
The acid blob spits acid at you. The splash of acid hits you. You resist.
* * * LOW HITPOINT WARNING * * *
You are splashed with acid!
You resist.
* * * LOW HITPOINT WARNING * * *
The acid blob spits acid at you. The splash of acid misses you.
The Royal Jelly hits you!!
You die...

......... ......... ##
........# .#
........#### .#
.........#.### .#
.............# ###.###
..............###.....#
...........@.........#
.........JJJJ.......##
..........JJ.......##
....................#
....................##
#...................##
#....................#
##...................##
#.............^.......#


You could see the Royal Jelly, 2 acid blobs and 3 azure jellies.

Vanquished Creatures
  Mennas (Vaults:3)
  An ancient lich (Vaults:5)
  A juggernaut (Depths:2)
  Bai Suzhen (Depths:2)
  Frederick (Depths:5)
  the Lernaean hydra (Swamp:4)
  Saint Roka (D:15)
  Xtahua (Depths:5)
  3 golden dragons
  Nikola (Elf:2)
  Jory (Depths:5)
  A bone dragon (Depths:5)
  3 liches
  Jorgrun (Snake:1)
  A tentacled monstrosity (Vaults:5)
  Rupert (Orc:2)
  A Cloud Mage (WizLab)
  4 titans
  2 deep elf blademasters (Elf:3)
  Frances (Swamp:1)
  2 deep elf master archers (Elf:3)
  A sphinx (Depths:4)
  17 acid blobs
  Kirke (Swamp:2)
  2 thorn hunters
  12 nagarajas
  6 storm dragons
  Roxanne (Swamp:4)
  5 tengu reavers
  2 draconian monks (Depths:5)
  15 azure jellies
  3 shadow dragons
  8 fire giants
  8 frost giants
  5 deep elf sorcerers
  Aizul (Swamp:3)
  An orc warlord (Orc:1)
  11 vault wardens
  5 iron dragons
  An emperor scorpion (shapeshifter) (Vaults:5)
  A war gargoyle (Vaults:5)
  12 very ugly things
  4 deep elf elementalists
  Louise (Snake:1)
  4 spriggan defenders
  An entropy weaver (shapeshifter) (Elf:3)
  29 stone giants
  7 ironheart preservers
  4 entropy weavers
  3 vampire knights
  A ghoul (Vaults:2)
  2 green draconians (Depths:5)
  12 deep elf demonologists
  A minotaur (Gauntlet)
  Azrael (D:15)
  A black draconian (Depths:5)
  8 deep elf annihilators
  8 spark wasps
  A red draconian (Depths:5)
  8 deep elf death magi
  An ettin (shapeshifter) (Vaults:3)
  8 fire dragons
  A crystal guardian (Vaults:4)
  4 blizzard demons (WizLab)
  15 ettins
  12 yaktaur captains
  Josephine (D:15)
  7 death oozes (Slime:5)
  12 great orbs of eyes
  5 deep elf high priests
  5 rakshasas
  21 naga warriors
  30 vault guards
  26 hydras
  A catoblepas (Lair:2)
  10 spriggan air magi
  12 ice dragons
  4 ghost crabs
  A shambling mangrove (Swamp:4)
  7 alligators
  An anaconda (shapeshifter) (Depths:4)
  14 centaur warriors
  14 ogre magi
  43 two-headed ogres
  7 anacondas
  2 death knights
  26 dancing weapons
  7 tengu warriors
  11 deep troll shamans
  2 vampire magi
  7 deep troll earth magi
  3 spriggan berserkers
  4 spriggans
  14 naga sharpshooters
  A shock serpent (shapeshifter) (D:15)
  A sun demon (Lair:6)
  23 deep elf knights
  An orc high priest (Orc:2)
  9 shock serpents
  3 hell knights (Depths:5)
  A storm dragon zombie (Vaults:2)
  Sonja (Lair:1)
  6 salamander mystics
  A skeletal warrior (Vaults:2)
  2 iron trolls
  3 spriggan druids
  6 wizards
  2 unseen horrors
  A shadow wraith (D:13)
  19 deep trolls
  9 naga ritualists
  4 flayed ghosts
  9 swamp dragons
  9 orc knights
  14 deep elf archers
  2 glowing orange brains
  14 ironbrand convokers
  A wolf spider zombie (D:14)
  5 phantasmal warriors
  A harpy (shapeshifter) (Vaults:4)
  11 necromancers
  A harpy (Vaults:1)
  61 deep elf magi
  7 mana vipers
  2 fire giant zombies
  2 human zombies (Vaults:2)
  3 orc sorcerers
  2 oklob plants
  22 ugly things
  4 wolf spiders
  A stone giant zombie (Vaults:2)
  6 cyclopes
  A sphinx skeleton (Vaults:2)
  A salamander (shapeshifter) (Elf:1)
  6 shining eyes
  6 guardian serpents
  An ice statue (Gauntlet)
  3 manticores
  24 salamanders
  An apocalypse crab (WizLab)
  4 elephants (Lair:2)
  25 black mambas
  12 naga magi
  2 black mambas (shapeshifter)
  A spriggan zombie (Depths:2)
  A smoke demon (Lair:6)
  14 vault sentinels
  16 spiny frogs
  2 eyes of devastation (Slime:4)
  2 centaur skeletons (D:14)
  2 orange demons (Lair:6)
  A spiny frog (shapeshifter) (D:15)
  8 komodo dragons
  6 freezing wraiths
  A rime drake (shapeshifter) (Vaults:3)
  2 kobold demonologists
  A golden dragon simulacrum (Depths:2)
  7 rime drakes
  5 ice devils
  54 yaktaurs
  A red devil (Lair:6)
  6 tengu conjurers
  A jumping spider (Vaults:5)
  8 trolls
  A hornet (shapeshifter) (D:14)
  16 hornets
  Prince Ribbit (D:5)
  A tengu simulacrum (Vaults:2)
  4 tyrant leeches
  2 wind drakes (WizLab)
  9 blink frogs
  A blink frog (shapeshifter) (Vaults:1)
  A dream sheep (shapeshifter) (Elf:3)
  130 slime creatures
  4 bog bodies
  11 hippogriffs
  15 air elementals
  4 vampires
  6 wraiths
  Sigmund (D:5)
  9 redbacks
  46 yaks
  An ettin skeleton (Vaults:2)
  4 water elementals
  2 wyverns
  Eustachio (D:4)
  3 basilisks
  9 golden eyes
  A golden eye (shapeshifter) (Vaults:2)
  6 fire elementals
  A human (D:9)
  8 hogs
  15 vampire mosquitoes
  A warg (Depths:1)
  17 swamp worms
  51 nagas
  21 insubstantial wisps
  3 acid dragons
  3 large abominations (Elf:1)
  19 hell hounds
  Duvessa (D:6)
  A floating eye (shapeshifter) (Depths:3)
  13 water moccasins
  9 porcupines
  15 swamp drakes
  A necrophage (D:7)
  2 eyes of draining
  11 ice beasts
  2 phantoms
  38 orc warriors
  20 ogres
  12 sky beasts
  13 boggarts
  8 wolves
  6 crocodiles
  30 centaurs
  7 big kobolds
  3 elf zombies (Elf:1)
  13 bullfrogs
  A wyvern zombie (D:13)
  An earth elemental (Elf:3)
  Dowan (D:6)
  2 gnoll sergeants
  5 scorpions
  11 killer bees
  2 human simulacra
  14 wights
  7 electric eels
  5 howler monkeys
  6 crimson imps
  2 bullfrog zombies (D:13)
  2 centaur zombies
  4 hounds
  22 orc priests
  Crazy Yiuf (D:4)
  4 jellies
  18 orc wizards
  2 bullfrog skeletons
  4 hell rats (Lair:3)
  4 iguanas
  4 lightning spires (Depths:1)
  19 worker ants
  A hound zombie (D:6)
  9 adders
  8 gnolls
  8 shadow imps
  2 white imps (Gauntlet)
  3 oozes
  2 adder skeletons
  2 adder zombies
  5 worms
  5 leopard geckos
  84 orcs
  3 ball pythons
  6 giant cockroaches
  7 goblins
  6 hobgoblins
  10 jackals
  2 quokkas
  5 bats
  4 frilled lizards
  35 kobolds
  A leopard gecko zombie (D:5)
  A quokka skeleton (D:5)
  5 rats
  3 briar patches (Swamp:3)
  A butterfly (Lair:1)
  4 crawling corpses (Elf:3)
  A fungus (Lair:6)
  7 plants
2081 creatures vanquished.

Vanquished Creatures (others)
  A spriggan air mage (WizLab)
  3 ghost crabs (WizLab)
  3 deep elf knights
  An ugly thing (Swamp:2)
  2 apocalypse crabs (WizLab)
  A spiny frog (Swamp:3)
  A wind drake (WizLab)
  A water elemental (Depths:2)
  7 hydra simulacra (Depths:2)
  An ogre (Vaults:2)
  A boggart (Vaults:2)
  A big kobold (shapeshifter) (Vaults:5)
  An orc priest (D:14)
  A ball lightning (Depths:1)
  2 briar patches
  3 fungi
  15 plants
45 creatures vanquished.

Grand Total: 2126 creatures vanquished

Notes
Turn   | Place    | Note
-------+----------+-------------------------------------------
     0 | D:1      | JeffiDaFish the Minotaur Fighter began the quest for the
                  | Orb.
     0 | D:1      | Reached XP level 1. HP: 19/19 MP: 0/0
    57 | D:1      | Reached XP level 2. HP: 16/27 MP: 1/1
   684 | D:1      | Reached XP level 3. HP: 33/33 MP: 2/2
  1342 | D:2      | Reached skill level 1 in Dodging
  1342 | D:2      | Reached XP level 4. HP: 41/41 MP: 3/3
  1776 | D:2      | Found a hazy altar of Hepliaklqana.
  2399 | D:3      | You fall through a shaft for 2 floors!
  2399 | D:5      | Entered Level 5 of the Dungeon
  2409 | D:5      | Reached XP level 5. HP: 42/47 MP: 4/4
  2410 | D:5      | Reached skill level 5 in Armour
  2448 | D:5      | Noticed Prince Ribbit
  2457 | D:5      | Reached XP level 6. HP: 31/53 MP: 5/5
  2468 | D:5      | Killed Prince Ribbit
  2468 | D:5      | Reached skill level 5 in Fighting
  2468 | D:5      | Reached skill level 5 in Axes
  2468 | D:5      | Reached XP level 7. HP: 29/61 MP: 6/6
  2989 | D:5      | Noticed Sigmund
  3025 | D:5      | Killed Sigmund
  3025 | D:5      | Reached XP level 8. HP: 51/70 MP: 7/7
  3210 | D:5      | Reached skill level 5 in Dodging
  3460 | D:4      | Found a runed translucent door.
  3461 | D:4      | Noticed Crazy Yiuf
  3486 | D:4      | Noticed Eustachio
  3525 | D:4      | Killed Eustachio
  3923 | D:4      | Found a staircase to the Ecumenical Temple.
  3941 | Temple   | Entered the Ecumenical Temple
  4920 | D:4      | Killed Crazy Yiuf
  5476 | D:6      | Identified the +1 scale mail of the Four Souls {rF++} (You
                  | found it on level 6 of the Dungeon)
  5813 | D:6      | Found a white marble altar of Elyvilon.
  6015 | D:6      | Found an iron altar of Okawaru.
  6100 | D:6      | Became a worshipper of Warmaster Okawaru
  6144 | D:7      | Noticed Dowan
  6145 | D:7      | Noticed Duvessa
  6161 | D:6      | Killed Duvessa
  6161 | D:6      | Reached XP level 9. HP: 74/78 MP: 8/8
  6163 | D:6      | Killed Dowan
  6449 | D:7      | Found a sparkling altar of Nemelex Xobeh.
  6590 | D:7      | Reached * piety under Okawaru
  7156 | D:8      | Found a staircase to the Lair.
  7653 | D:8      | Reached ** piety under Okawaru
  7813 | D:9      | Reached XP level 10. HP: 85/85 MP: 9/9
  7876 | D:9      | Reached skill level 10 in Armour
  8016 | D:9      | Identified the +2 cloak "Yxaifec" {rC+} (You found it on
                  | level 9 of the Dungeon)
  8341 | D:10     | Entered Level 10 of the Dungeon
  8374 | D:10     | Reached skill level 10 in Axes
  8518 | D:10     | Found a staircase to the Orcish Mines.
  8586 | D:10     | Reached *** piety under Okawaru
  9307 | Lair:1   | Entered Level 1 of the Lair of Beasts
  9314 | Lair:1   | Reached **** piety under Okawaru
  9353 | Lair:1   | Found a radiant altar of Vehumet.
  9357 | Lair:1   | Noticed Sonja
  9749 | Lair:1   | Noticed a spiny frog
  9757 | Lair:1   | Killed a spiny frog
  9999 | Lair:1   | Killed Sonja
  9999 | Lair:1   | Reached XP level 11. HP: 70/95 MP: 10/10
 10296 | Lair:1   | Reached ***** piety under Okawaru
 10694 | Lair:1   | Reached skill level 10 in Dodging
 11465 | Lair:2   | Received a gift from Okawaru
 11604 | Lair:2   | Noticed a catoblepas
 11821 | Lair:2   | Killed a catoblepas
 12689 | Lair:3   | Found a staircase to the Swamp.
 12692 | Lair:3   | Reached XP level 12. HP: 79/106 MP: 11/11
 13122 | Lair:3   | Reached skill level 10 in Fighting
 13539 | Lair:3   | Found a staircase to the Snake Pit.
 14095 | Lair:4   | Received a gift from Okawaru
 14126 | Lair:4   | Noticed a seven-headed hydra
 14139 | Lair:4   | Killed a 14-headed hydra
 14518 | Lair:4   | Noticed a five-headed hydra
 14635 | Lair:4   | Killed a five-headed hydra
 14635 | Lair:4   | Received a gift from Okawaru
 14785 | Lair:4   | Noticed a seven-headed hydra
 14802 | Lair:4   | Killed a seven-headed hydra
 15481 | Lair:5   | Noticed a five-headed hydra
 15733 | Lair:5   | Found a transporter.
 15871 | Lair:5   | Killed a five-headed hydra
 15927 | Lair:4   | Received a gift from Okawaru
 16431 | Lair:5   | Found a transporter.
 16597 | Lair:5   | Found a viscous altar of Jiyva.
 16597 | Lair:5   | Found a staircase to the Slime Pits.
 16690 | Lair:6   | Entered Level 6 of the Lair of Beasts
 16736 | Lair:6   | Reached XP level 13. HP: 42/115 MP: 12/12
 17729 | Lair:6   | Found a burning altar of Makhleb.
 18172 | Lair:6   | Found a gateway to Hell.
 18179 | Lair:6   | Identified the +9 mace "Xipt" {pain, rPois Dex+2 Stlth-}
                  | (You found it on level 6 of the Lair of Beasts)
 18213 | Lair:6   | Reached ****** piety under Okawaru
 18520 | D:11     | Received a gift from Okawaru
 18674 | D:11     | Found Neil's Magic Scroll Emporium.
 18675 | D:11     | Gained mutation: You are resistant to electric shocks.
                  | (rElec) [potion of mutation]
 18675 | D:11     | Gained mutation: You are partially covered in slimy green
                  | scales. (AC +2) [potion of mutation]
 18718 | D:11     | Bought a scroll of teleportation for 30 gold pieces
 18718 | D:11     | Bought a scroll of enchant weapon for 75 gold pieces
 18718 | D:11     | Bought a scroll of enchant weapon for 75 gold pieces
 19021 | D:11     | Found a stormy altar of Qazlal.
 19098 | D:12     | Found Rasawaev's Book Boutique.
 19202 | D:12     | Found Ovinuq's Gadget Shop.
 19326 | D:12     | Reached skill level 15 in Armour
 19860 | D:13     | Reached skill level 15 in Axes
 20229 | D:13     | Reached XP level 14. HP: 124/124 MP: 13/13
 20321 | D:13     | Received a gift from Okawaru
 20322 | D:13     | Found the +1 cloak of Starlight {rElec rC+ EV+4 Stlth--}
 20675 | D:14     | Found a frozen archway.
 20846 | IceCv    | Entered an ice cave
 20859 | IceCv    | Found a transporter.
 20878 | IceCv    | Found a transporter.
 20925 | D:14     | Found a gate leading to a gauntlet.
 20943 | Gauntlet | Entered a Gauntlet
 20943 | Gauntlet | Found a transporter.
 20943 | Gauntlet | Found a transporter.
 20943 | Gauntlet | Found a transporter.
 20985 | Gauntlet | Found a transporter.
 21037 | Gauntlet | Found a transporter.
 21053 | Gauntlet | Found a transporter.
 21105 | Gauntlet | Found a transporter.
 21283 | Gauntlet | Found a transporter.
 21299 | Gauntlet | Found a transporter.
 21321 | Gauntlet | Found a transporter.
 21339 | Gauntlet | Found a transporter.
 21373 | Gauntlet | Identified the +0 cloak "Mifachen" {MR+ Str+5 Slay-6 SInv}
                  | (You found it in a Gauntlet)
 21415 | Gauntlet | Identified the +5 flail of Iresutz {speed, +Inv rElec}
 22134 | D:14     | Found a gate to the Vaults.
 22242 | D:15     | Entered Level 15 of the Dungeon
 22262 | D:15     | Reached skill level 15 in Dodging
 22279 | D:15     | Received a gift from Okawaru
 22388 | D:15     | Reached XP level 15. HP: 40/130 MP: 14/14
 22539 | D:15     | Noticed Azrael
 22548 | D:15     | Killed Azrael
 22572 | D:15     | Noticed Josephine
 22584 | D:15     | Killed Josephine
 22699 | D:15     | Found a staircase to the Depths.
 23151 | Orc:1    | Entered Level 1 of the Orcish Mines
 23255 | Orc:2    | Entered Level 2 of the Orcish Mines
 23321 | Orc:2    | Noticed Rupert
 23359 | Orc:2    | Killed Rupert
 23506 | Orc:2    | Noticed an orc warlord
 23536 | Orc:1    | Killed an orc warlord
 23536 | Orc:1    | Received a gift from Okawaru
 23690 | Orc:2    | Found a roughly hewn altar of Beogh.
 23693 | Orc:2    | Found Sukuh's Weapon Shoppe.
 23761 | Orc:2    | Found a roughly hewn altar of Beogh.
 23848 | Orc:2    | Found a roughly hewn altar of Beogh.
 23950 | Orc:2    | Found a roughly hewn altar of Beogh.
 24031 | Orc:2    | Found a staircase to the Elven Halls.
 24054 | Orc:2    | Found a roughly hewn altar of Beogh.
 24071 | Orc:2    | Found Sunischo's Weapon Shoppe.
 24118 | Orc:2    | Found a roughly hewn altar of Beogh.
 24267 | Orc:2    | Found Kigekat's Antique Armour Boutique.
 24268 | Orc:2    | Found a roughly hewn altar of Beogh.
 24269 | Orc:2    | Found Unibodgh's Antique Weapon Shop.
 24279 | Orc:2    | Bought a smoking hat for 198 gold pieces
 24279 | Orc:2    | Identified the +2 hat of Irrow {rElec} (You bought it in a
                  | shop on level 2 of the Orcish Mines)
 24541 | Swamp:1  | Entered Level 1 of the Swamp
 24575 | Swamp:1  | Noticed Frances
 24592 | Swamp:1  | Killed Frances
 25493 | Swamp:2  | Noticed Kirke
 25514 | Swamp:2  | Killed Kirke
 25594 | Swamp:1  | HP: 6/130 [poison (poison gas)]
 25599 | Swamp:1  | HP: 6/130 [poison (poison gas)]
 25604 | Swamp:1  | HP: 6/130 [poison (poison gas)]
 26483 | Swamp:2  | Received a gift from Okawaru
 27033 | Swamp:3  | Reached XP level 16. HP: 116/137 MP: 15/15
 27919 | Swamp:3  | Noticed a thorn hunter
 27931 | Swamp:3  | Killed a thorn hunter
 28376 | Swamp:4  | Entered Level 4 of the Swamp
 28376 | Swamp:4  | Noticed Aizul
 28378 | Swamp:4  | Noticed a thorn hunter
 28393 | Swamp:3  | Killed Aizul
 28612 | Swamp:4  | Killed a thorn hunter
 29124 | Swamp:4  | Identified Roxanne's Volume of Stones
 29124 | Swamp:4  | Noticed Roxanne
 29162 | Swamp:4  | Killed Roxanne
 29162 | Swamp:4  | Received a gift from Okawaru
 29641 | Swamp:4  | Noticed the 27-headed Lernaean hydra
 29798 | Swamp:4  | Killed the 27-headed Lernaean hydra
 29891 | Swamp:4  | Got a decaying rune of Zot
 30193 | Snake:1  | Entered Level 1 of the Snake Pit
 30323 | Snake:1  | Found Elidd's Book Emporium.
 30347 | Snake:1  | Noticed Jorgrun
 30377 | Snake:1  | Killed Jorgrun
 30777 | Snake:1  | Noticed Louise
 30786 | Snake:1  | Killed Louise
 31064 | Snake:1  | Reached XP level 17. HP: 129/148 MP: 16/16
 31335 | Snake:2  | Received a gift from Okawaru
 32650 | Snake:3  | Found Ifutepac's Distillery.
 33432 | Snake:4  | Entered Level 4 of the Snake Pit
 33480 | Snake:4  | Received a gift from Okawaru
 33813 | Snake:4  | Identified the cursed +1 scale mail "Delegg" {rF- Dex+5
                  | Slay+3 Stlth+} (You found it on level 4 of the Snake Pit)
 33972 | Snake:4  | Received a gift from Okawaru
 33972 | Snake:4  | Reached skill level 15 in Fighting
 34480 | Snake:4  | Reached XP level 18. HP: 135/165 MP: 12/17
 34519 | Snake:4  | Received a gift from Okawaru
 35218 | Snake:4  | Got a serpentine rune of Zot
 35769 | Depths:1 | Entered Level 1 of the Depths
 35779 | Depths:1 | Found a magical portal.
 35791 | WizLab   | Entered The Chambers of the Cloud Mage
 36539 | WizLab   | Noticed Gieq
 36568 | WizLab   | Killed Gieq the Cloud Mage
 36568 | WizLab   | Received a gift from Okawaru
 36601 | WizLab   | Identified the Handbook of Flight
 36621 | WizLab   | Identified a +2 pair of boots of running (You found it in a
                  | wizard's laboratory)
 36737 | Depths:1 | Noticed Saint Roka
 36810 | D:15     | Killed Saint Roka
 37196 | Depths:1 | Found a runed translucent door.
 37828 | Depths:2 | Received a gift from Okawaru
 38042 | Depths:2 | Noticed a lich
 38052 | Depths:2 | Killed a lich
 38052 | Depths:2 | Reached XP level 19. HP: 167/179 MP: 18/18
 38098 | Depths:2 | Found a one-way gate to the infinite horrors of the Abyss.
 38163 | Depths:2 | Noticed Bai Suzhen
 38175 | Depths:2 | Killed Bai Suzhen
 38721 | Depths:2 | Noticed a juggernaut
 38737 | Depths:2 | Killed a juggernaut
 38914 | Depths:2 | Identified Sif Muna's Disquisition on Ice
 39225 | Depths:3 | Identified the +3 pair of gloves of the King of Cups
                  | {Dex+4} (You found it on level 3 of the Depths)
 39253 | Depths:3 | Found a one-way gate leading to the halls of Pandemonium.
 39298 | Depths:3 | Identified the +0 chain mail "Gazoisec" {rN+} (You found it
                  | on level 3 of the Depths)
 40508 | Depths:3 | Received a gift from Okawaru
 40530 | Depths:3 | Identified the +2 plate armour of Ruamisid {rElec} (Okawaru
                  | gifted it to you on level 3 of the Depths)
 41300 | Vaults:1 | Entered Level 1 of the Vaults
 41622 | Vaults:1 | Reached XP level 20. HP: 193/193 MP: 19/19
 42121 | Vaults:1 | Found Tuathoa's Jewellery Shoppe.
 42127 | Vaults:1 | Found Kyanaso's Magic Scroll Shop.
 42129 | Vaults:1 | Bought the ring of Cheibriados's Outrage {rC+ MR+ Str+4
                  | Int+3 Dex+2} for 636 gold pieces
 42589 | Vaults:2 | Received a gift from Okawaru
 42608 | Vaults:2 | Identified the +1 cloak of the Trees {+Inv MR+} (Okawaru
                  | gifted it to you on level 2 of the Vaults)
 43511 | Vaults:2 | Found Larioxto's Jewellery Shoppe.
 43678 | Vaults:3 | Found Mityaf's Armour Shoppe.
 43681 | Vaults:3 | Bought a +0 hat of magic resistance for 231 gold pieces
 43814 | Vaults:3 | Noticed Mennas
 43889 | Vaults:3 | Killed Mennas
 43889 | Vaults:3 | Received a gift from Okawaru
 44278 | Vaults:3 | Found Inyrphag's Weapon Shoppe.
 44353 | Vaults:3 | Found Kur Caty's Magic Scroll Shop.
 44365 | Vaults:3 | Bought a scroll of teleportation for 33 gold pieces
 44365 | Vaults:3 | Bought a scroll of teleportation for 33 gold pieces
 44381 | Vaults:3 | Found Hacusser's Book Shop.
 44751 | Vaults:3 | Reached XP level 21. HP: 200/206 MP: 20/20
 44824 | Vaults:3 | Found a staircase to the Crypt.
 44824 | Vaults:3 | Found an ancient bone altar of Kikubaaqudgha.
 44825 | Vaults:3 | Found a basalt altar of Yredelemnul.
 45021 | Vaults:3 | Found Deocielug's Food Shoppe.
 45190 | Vaults:4 | Received a gift from Okawaru
 46776 | Elf:1    | Entered Level 1 of the Elven Halls
 46831 | Elf:1    | Received a gift from Okawaru
 46970 | Elf:1    | Identified Kikubaaqudgha's Almanac of Stolen Souls
 47794 | Elf:2    | Received a gift from Okawaru
 47842 | Elf:2    | Found a runed translucent gate.
 47843 | Elf:2    | Found a runed translucent gate.
 48085 | Elf:2    | Found a runed translucent gate.
 48153 | Elf:2    | Noticed Nikola
 48162 | Elf:2    | Killed Nikola
 48283 | Elf:2    | Reached XP level 22. HP: 206/217 MP: 21/21
 48558 | Elf:2    | Reached skill level 27 in Axes
 48617 | Elf:3    | Entered Level 3 of the Elven Halls
 48765 | Elf:3    | Found Zaphumuo's One-of-a-Kind Books.
 49762 | Elf:3    | Received a gift from Okawaru
 49814 | Elf:3    | Identified the +8 trident "Qeuwkyutt" {flame, Dex+3}
 50037 | Elf:3    | Identified the ring of the Garden {+Fly rElec Int+5 Slay-5}
 50039 | Elf:3    | Identified the +10 battleaxe of Zaefyhy {chop, Fragile
                  | rElec Str+4}
 50130 | Elf:3    | Identified the cursed +2 trident of Hastop {drain, rN+
                  | Dex+4}
 50707 | Vaults:5 | Entered Level 5 of the Vaults
 50707 | Vaults:5 | Noticed an ancient lich
 50714 | Vaults:5 | Received a gift from Okawaru
 50731 | Vaults:5 | Killed an ancient lich
 50740 | Vaults:4 | Received a gift from Okawaru
 50853 | Vaults:5 | Identified the ring of Makhleb's Vengeance {Str+3 SInv}
 50875 | Vaults:4 | Reached XP level 23. HP: 151/231 MP: 22/22
 51484 | Vaults:5 | Received a gift from Okawaru
 52225 | Vaults:5 | Got a silver rune of Zot
 52969 | Depths:4 | Received a gift from Okawaru
 53232 | Depths:4 | Reached XP level 24. HP: 245/245 MP: 22/22
 54195 | Depths:5 | Entered Level 5 of the Depths
 54195 | Depths:5 | Found a gateway to a ziggurat.
 54246 | Depths:5 | Noticed Frederick
 54255 | Depths:5 | Killed Frederick
 54255 | Depths:5 | Received a gift from Okawaru
 54523 | Depths:5 | Received a gift from Okawaru
 54542 | Depths:5 | Noticed Xtahua
 54559 | Depths:5 | Killed Xtahua
 54589 | Depths:5 | Identified the +1 battleaxe of Chance {chop, MR+ Str+3}
                  | (Okawaru gifted it to you on level 5 of the Depths)
 54710 | Depths:5 | Noticed Jory
 54718 | Depths:5 | Killed Jory
 54968 | Depths:5 | Found a gate to the Realm of Zot.
 55418 | Slime:1  | Entered Level 1 of the Pits of Slime
 55537 | Slime:1  | Gained mutation: You are frail. (-10% HP) [a shining eye]
 55538 | Slime:1  | Gained mutation: You occasionally shout uncontrollably at
                  | your foes. [a shining eye]
 55544 | Slime:1  | Gained mutation: You are dopey. (Int -2) [a shining eye]
 55869 | Slime:2  | Gained mutation: Scrolls take you a little longer to read.
                  | [a shining eye]
 55877 | Slime:2  | Gained mutation: Your muscles are strong. (Str +2) [a
                  | shining eye]
 56145 | Slime:1  | Received a gift from Okawaru
 56357 | Slime:3  | Reached skill level 27 in Fighting
 56860 | Slime:4  | Gained mutation: Your magical capacity is low. (-10% MP) [a
                  | shining eye]
 56862 | Slime:4  | Gained mutation: You are clumsy. (Dex -2) [a shining eye]
 57077 | Slime:4  | Gained mutation: Your magical capacity is very low. (-20%
                  | MP) [a shining eye]
 57284 | Slime:5  | Entered Level 5 of the Pits of Slime
 57306 | Slime:5  | Gained mutation: You are very dopey. (Int -4) [a shining
                  | eye]
 57307 | Slime:5  | Gained mutation: You are occasionally teleported next to
                  | monsters. [a shining eye]
 57309 | Slime:5  | Lost mutation: Your muscles are strong. (Str +2) [a shining
                  | eye]
 57377 | Slime:5  | Noticed the Royal Jelly
 57673 | Slime:5  | HP: 10/224 [acid blob/splash of acid (4)]
 57673 | Slime:5  | HP: 2/224 [acid (8)]
 57673 | Slime:5  | Annihilated by the Royal Jelly

Levels and vault maps discovered:
D:1:      tarquinn_simple_flora_water_b, layout_basic
D:2:      minmay_skewed_foursquare, layout_basic, lemuel_coloured_pillars_altar,
          dk_noncrumbling_2
D:3:      layout_loops_ring
D:4:      kennysheep_kobold_camp, layout_basic, minmay_temple_entry_tees,
          minmay_hedge_maze, uniq_eustachio, uniq_crazy_yiuf_cottage
D:5:      layout_cave_pools, first_ration, serial_bayou_pond_d,
          saegor_snake_ambush, uniq_sigmund, uniq_prince_ribbit1
D:6:      layout_loops_corners, lemuel_crystal_altar, okawaru_metal_pillars_1_2
D:7:      layout_basic, kennysheep_mini, uniq_duvessa
D:8:      layout_rooms, lair_entry_dummy
D:9:      layout_roguey, grunt_livestock
D:10:     layout_roguey, orc_0_dummy
D:11:     layout_cave_pools, serial_shops, shop_statue,
          nicolae_qazlal_eye_of_the_storm
D:12:     layout_loops_cross, serial_shops, nicolae_shop_crystal, shop
D:13:     minmay_diamond_stairs, layout_irregular_city
D:14:     layout_irregular_city, hangedman_vaults_entry_quadrant_bands,
          corexii_hall_statues_i, portal_ice_cave_demonic_guard,
          gauntlet_entry_generic, minmay_fractal_squares_gapless_5
D:15:     hangedman_depths_entry_civil_slaughter, layout_rooms,
          hex_intersection, uniq_josephine, uniq_azrael
Temple:   dpeg_five_rooms_temple
Lair:1:   layout_loops_ring, basic_altar, serial_bayou_shore_b,
          grunt_megastairs_3, lemuel_fruit_fields, lemuel_fruit_fields,
          uniq_sonja
Lair:2:   layout_roguey
Lair:3:   layout_cave_pods, minmay_swamp_entry_wisps, dummy_snake_entry,
          st_stairs_9
Lair:4:   layout_small_grid, st_stairs_8, serial_bayou_pond_c
Lair:5:   gammafunk_cloud_chamber, layout_gridlike,
          dpeg_slime_entry_enclosed_altar, lemuel_fruit_fields
Lair:6:   evil_forest, layout_loops_ring, fungi_pond_lemuel
Swamp:1:  layout_basic_swamp, evilmike_swamp_ruin_house_2, uniq_frances
Swamp:2:  layout_basic_swamp, evilmike_swamp_ruin_rubble_2, swamp_pool2,
          hangedman_swamp_lotus, uniq_kirke
Swamp:3:  layout_falls_marsh, evilmike_swamp_ruin_house_4, swamp_pool1
Swamp:4:  swamp_old_school, layout_basic_swamp, uniq_aizul, uniq_roxanne
Snake:1:  layout_basic, serial_shops, nicolae_shop_statue_plus, st_stairs_14,
          uniq_jorgrun, uniq_louise
Snake:2:  dpeg_oklob_gauntlet, layout_misc_corridors
Snake:3:  layout_chambers, serial_shops, shop, drop_trap, serial_bayou_pond_e
Snake:4:  johnstein_snake_rune_scales, layout_cave_town
Slime:1:  layout_caves
Slime:2:  layout_caves
Slime:3:  layout_caves
Slime:4:  layout_caves
Slime:5
Orc:1:    layout_diamond_mine
Orc:2:    grunt_orc_community_town_hall, layout_caves,
          grunt_orc_community_big_house_1, grunt_orc_community_big_house_2,
          grunt_orc_community_house_1, grunt_orc_community_house_2,
          grunt_orc_community_house_2, grunt_orc_community_house_3,
          grunt_orc_community_house_3, uniq_rupert
Elf:1:    eino_elf_arrival_the_gate, layout_loops_corners,
          minmay_elf_necromancy, minivault_14
Elf:2:    layout_onion_city, uniq_nikola
Elf:3:    elf_hall, layout_onion_city, nicolae_rare_books
Vaults:1: nicolae_vaults_what_the_h, ontoclasm_vaults_twist,
          nicolae_vaults_asterisk, v_alt_pattern_3, v_alt_pattern_3,
          nicolae_vaults_disjoint_gnomons, nicolae_vaults_network_star,
          grunt_vaults_diagonal, nicolae_vaults_little_squares_2,
          nicolae_vaults_asterisk, v_misc_17, ontoclasm_vaults_tryst,
          ontoclasm_vaults_fault, vaults_room_grid, hangedman_vaults_pinch,
          layout_vaults_maze, serial_shops, nicolae_shop_trees,
          nicolae_shop_behind_doors
Vaults:2: nicolae_vaults_ring_of_whatevers, nicolae_vaults_asterisk, st_lines,
          v_alt_pattern_3, hangedman_vaults_maws, vaults_standard_mumra_lines,
          v_misc_12, vaults_mumra_lcd, nicolae_vaults_specimen_jars,
          vaults_standard_mumra_x, hangedman_vaults_impose, v_rooms_4,
          hangedman_vaults_impose, layout_vaults_ring, serial_shops,
          nicolae_shop_crystal
Vaults:3: minmay_crypt_entry_necro_gods, nicolae_vaults_know_your_exits,
          vaults_room_pool, serial_ice_b, nicolae_vaults_network_quinsquares
          [nicolae_vaults_network_quincunx_subvault,
          nicolae_vaults_network_quincunx_subvault,
          nicolae_vaults_network_quincunx_subvault,
          nicolae_vaults_network_quincunx_subvault], v_pattern_4,
          vaults_dpeg_spiral, v_misc_15, layout_vaults_chaotic_city,
          serial_shops, shop, shop_statue, nicolae_shop_crystal,
          nicolae_shop_crystal, shop, uniq_mennas
Vaults:4: vaults_mumra_minichess_inversion, vaults_room_semicircle,
          nicolae_vaults_diagonal_hallway_6, nicolae_vaults_little_squares_2,
          layout_vaults_omnigrid
Vaults:5
Depths:1: layout_roguey, mu_enter_wizlab_4, grunt_hell_horde, hex_intersection,
          hangedman_aerie_drop, uniq_saint_roka
Depths:2: cheibrodos_hall_of_evolution, layout_gridlike, hangedman_decor_points,
          hell_entry, abyss_entry, minmay_metal_thing, uniq_bai_suzhen
Depths:3: nooodl_glass_maze, layout_gridlike,
          nicolae_abyss_entry_one_way_or_another, hell_entry, chequers_jeans,
          pan_entry, minmay_staircase_bubble, grunt_megastairs_2
Depths:4: nicolae_legendary_halls, layout_basic, nrook_mini_vaults, abyss_entry,
          hell_entry, serial_bayou_shore_b, minmay_staircase_statues
Depths:5: evilmike_zot_entry_hall, layout_cave_pools, enter_ziggurat_f,
          hangedman_coc_ice_floe, serial_sigils, serial_sigils_hangedman_clutch,
          serial_sigils_hangedman_leer, serial_sigils_hangedman_shear,
          serial_sigils_hangedman_gut, uniq_jory, uniq_frederick, uniq_xtahua
IceCv:    ice_cave_statue_garden_transporter
WizLab:   wizlab_cloud
Gauntlet: gammafunk_gauntlet_shortcut [gammafunk_gauntlet_arena_spirals,
          gammafunk_gauntlet_arena_split_x, nicolae_gauntlet_arena_quarters,
          nicolae_gauntlet_arena_grate_2, nicolae_gauntlet_arena_t_cross,
          nicolae_gauntlet_arena_flowing_pool,
          nicolae_gauntlet_exit_dead_adventurers]

Skill      XL: |  1  2  3  4  5  6  7  8  9 10 11 12 13 14 15 16 17 18 19 20 21 22 23 24 |
---------------+-------------------------------------------------------------------------+-----
Armour         | 4 5 6 7 8 9 11 12 14 15 16 18 19 20 22 23 26 | 26.0
Fighting       | 4 5 6 7 8 9 10 11 12 15 18 20 21 22 24 25 27 | 27.0
Axes           | 3 4 5 6 7 9 11 12 13 15 16 18 19 21 22 24 25 26 27 | 27.0
Shields        | 4 |  4.0
Dodging        | 1 2 3 4 6 8 9 11 12 13 15 16 17 | 17.2

Action                   |  1- 3 |  4- 6 |  7- 9 | 10-12 | 13-15 | 16-18 | 19-21 | 22-24 || total
-------------------------+-------+-------+-------+-------+-------+-------+-------+-------++-------
Melee: War axe           |    75 |    82 |   394 |    89 |       |       |       |       ||   640
       Headbutt          |    14 |     9 |    70 |   111 |   276 |   364 |   328 |   283 ||  1455
       Battleaxe         |       |       |       |   425 |   991 |  1208 |   193 |       ||  2817
       Flail             |       |       |       |    17 |    88 |   101 |       |       ||   206
       Mace              |       |       |       |       |     7 |       |       |       ||     7
       Executioner's axe |       |       |       |       |       |       |   916 |   902 ||  1818
Invok: Heroism           |       |       |       |       |       |       |     1 |       ||     1
       Finesse           |       |       |       |       |       |       |       |     1 ||     1
Evoke: Wand              |       |       |       |     9 |       |       |       |       ||     9
  Use: Potion            |     1 |     5 |     6 |     8 |     9 |     1 |     1 |     1 ||    32
       Scroll            |     6 |       |     7 |     9 |    15 |    18 |    18 |     7 ||    80
 Stab: Invisible         |       |       |       |     2 |       |     2 |       |       ||     4
       Distracted        |       |       |       |       |     1 |       |     1 |     1 ||     3
       Confused          |       |       |       |       |       |     1 |       |       ||     1
       Paralysed         |       |       |       |       |       |     1 |       |       ||     1
  Eat: Chunk             |     1 |     4 |    18 |    21 |    33 |    14 |    30 |    18 ||   139
       Ration            |       |       |       |     2 |       |     7 |       |     3 ||    12
Armor: Scale mail        |    33 |    36 |       |       |       |       |       |       ||    69
       Plate armour      |       |    20 |   285 |   391 |   699 |   608 |   314 |   411 ||  2728
Dodge: Dodged            |    22 |    57 |   220 |   403 |   997 |  1293 |  1008 |  1150 ||  5150
Block: Shield            |    48 |       |       |       |       |       |       |       ||    48

Table legend:
 A = Non-vault XP
 B = Vault XP
 C = Vault XP percentage of total XP
 D = Non-vault monster count
 E = Vault monster count
 F = Vault count percentage of total count
                 A         B        C        D         E       F
            +---------+---------+-------+---------+---------+-------
      Total |  622566 |  521848 |  45.6 |    1360 |     691 |  33.7
            +---------+---------+-------+---------+---------+-------
        D:1 |      48 |       0 |   0.0 |      19 |       0 |   0.0
        D:2 |      57 |      68 |  54.4 |      26 |       5 |  16.1
        D:3 |      11 |       0 |   0.0 |       6 |       0 |   0.0
        D:4 |     378 |     371 |  49.5 |      21 |      23 |  52.3
        D:5 |     895 |     535 |  37.4 |      25 |       5 |  16.7
        D:6 |     297 |     226 |  43.2 |       7 |       2 |  22.2
        D:7 |    1072 |       0 |   0.0 |      18 |       0 |   0.0
        D:8 |    1560 |       0 |   0.0 |      36 |       0 |   0.0
        D:9 |     196 |     984 |  83.4 |       4 |       5 |  55.6
       D:10 |    2497 |       0 |   0.0 |      30 |       0 |   0.0
       D:11 |    3417 |       0 |   0.0 |      25 |       0 |   0.0
       D:12 |    2613 |       0 |   0.0 |      19 |       0 |   0.0
       D:13 |   14427 |    2163 |  13.0 |      51 |       4 |   7.3
       D:14 |    7330 |    5732 |  43.9 |      35 |      22 |  38.6
       D:15 |   12426 |   13694 |  52.4 |      26 |      21 |  44.7
     Lair:1 |    2895 |     795 |  21.5 |      12 |       1 |   7.7
     Lair:2 |    6676 |       0 |   0.0 |      26 |       0 |   0.0
     Lair:3 |    5340 |     997 |  15.7 |      28 |       5 |  15.2
     Lair:4 |    8675 |     147 |   1.7 |      28 |       1 |   3.4
     Lair:5 |    2226 |       0 |   0.0 |       6 |       0 |   0.0
     Lair:6 |    3480 |    9079 |  72.3 |      12 |      26 |  68.4
    Swamp:1 |    8913 |    2680 |  23.1 |      24 |       2 |   7.7
    Swamp:2 |   15120 |    2706 |  15.2 |      36 |       4 |  10.0
    Swamp:3 |   15725 |    2687 |  14.6 |      30 |       2 |   6.2
    Swamp:4 |    8268 |   17913 |  68.4 |      20 |      20 |  50.0
    Snake:1 |   13150 |    5969 |  31.2 |      26 |       4 |  13.3
    Snake:2 |    6218 |     572 |   8.4 |      16 |       1 |   5.9
    Snake:3 |   27071 |       0 |   0.0 |      40 |       0 |   0.0
    Snake:4 |   28676 |   43006 |  60.0 |      50 |      62 |  55.4
    Slime:1 |   16716 |       0 |   0.0 |      36 |       0 |   0.0
    Slime:2 |    6841 |       0 |   0.0 |      10 |       0 |   0.0
    Slime:3 |   19849 |       0 |   0.0 |      30 |       0 |   0.0
    Slime:4 |    9761 |    2263 |  18.8 |      20 |       1 |   4.8
    Slime:5 |    9360 |    9325 |  49.9 |      25 |       5 |  16.7
      Orc:1 |    1460 |    1731 |  54.2 |       5 |       2 |  28.6
      Orc:2 |     633 |    8104 |  92.8 |      22 |      64 |  74.4
      Elf:1 |   25349 |    8166 |  24.4 |      40 |      17 |  29.8
      Elf:2 |   15311 |   28371 |  64.9 |      19 |      32 |  62.7
      Elf:3 |   21438 |   37152 |  63.4 |      32 |      28 |  46.7
   Vaults:1 |   10671 |   16062 |  60.1 |      19 |      25 |  56.8
   Vaults:2 |   47457 |   16276 |  25.5 |      73 |      26 |  26.3
   Vaults:3 |   26172 |   17144 |  39.6 |      60 |      19 |  24.1
   Vaults:4 |   54378 |   26230 |  32.5 |      78 |      24 |  23.5
   Vaults:5 |   31633 |  108888 |  77.5 |      41 |      73 |  64.0
   Depths:1 |    8693 |    8331 |  48.9 |      11 |      51 |  82.3
   Depths:2 |   26227 |   21435 |  45.0 |      35 |      13 |  27.1
   Depths:3 |   34224 |    9810 |  22.3 |      47 |       9 |  16.1
   Depths:4 |   28375 |   35539 |  55.6 |      30 |      22 |  42.3
   Depths:5 |   28361 |   33036 |  53.8 |      25 |      15 |  37.5
      IceCv |       0 |    1302 | 100.0 |       0 |       7 | 100.0
     WizLab |       0 |   17459 | 100.0 |       0 |      31 | 100.0
   Gauntlet |       0 |    4900 | 100.0 |       0 |      12 | 100.0
            +---------+---------+-------+---------+---------+-------
